 Dungeon Sprint DCSS version 0.31-a0-986-g5e6e4ef867 (webtiles) character file.

Game seed: 10387012027673994570

2834 rocky1 the Black Belt (level 9, -14/59 HPs)
             Began as an Octopode Shapeshifter on Nov 16, 2023.
             Was an Initiate of Gozag.
             Shot with an arrow by a centaur warrior (25 damage)
             ... in the Dungeon (Sprint IX: "|||||||||||||||||||||||||||||").
             The game lasted 00:01:25 (400 turns).

rocky1 the Black Belt (Octopode Shapeshifter)        Turns: 400, Time: 00:01:27

Health: -14/59     AC:  3    Str: 13    XL:     9   Next: 73%
Magic:  9/9        EV: 17    Int: 15    God:    Gozag
Gold:   657        SH:  0    Dex: 16    Spells: 8/8 levels left

rFire   . .          .
                       - Unarmed
rCold   . . .        (no shield)
rNeg    . . .        (helmet currently unavailable)
rPois   .            (no amulet)
rElec   .            m - +3 ring of intelligence
rCorr   .            n - +2 ring of protection
SInv    .            (no ring)
Will    .....        (no ring)
Stlth   ++++++       (no ring)
HPRegen 0.29/turn    (no ring)
MPRegen 0.11/turn    (no ring)
                     (no ring)

%: no teleportation
@: beast-form, on berserk cooldown, slowed, invisible, very slow
A: beast (slay +4), almost no armour, amphibious, 8 rings, camouflage 1,
gelatinous body 1, (nimble swimmer 1), tentacles
a: Begin Untransformation, Renounce Religion, Potion Petition, Call Merchant,
Bribe Branch


You were in the Dungeon.
You worshipped Gozag.
Gozag was pleased with you.
You were a hulking beast.
You visited 1 branch You collected 657 gold pieces.

Inventory:

Jewellery
 m - a +3 ring of intelligence (left tentacle)
 n - a +2 ring of protection (right tentacle)
Talismans
 b - a beast talisman
 c - a flux talisman
Wands
 l - a wand of acid (10)
Scrolls
 i - 2 scrolls of blinking
 k - 2 scrolls of amnesia
Potions
 d - 5 potions of curing
 e - a potion of heal wounds
 f - a potion of haste
 g - 4 potions of magic


   Skills:
 + Level 4.7 Fighting
 + Level 7.7 Dodging
 + Level 11.3 Stealth
 + Level 15.0 Unarmed Combat
 + Level 10.9 Shapeshifting


You had 8 spell levels left.
You didn't know any spells.
Your spell library was empty.

Dungeon Overview and Level Annotations

Branches:
Dungeon (1/1)

Altars:
Cheibriados
Dithmenos
Elyvilon
Fedhas
Gozag
Hepliaklqana
Kikubaaqudgha
Makhleb
Nemelex Xobeh
Okawaru
Qazlal
Ru
Sif Muna
Trog
Uskayaw
Vehumet
Wu Jian
Xom
Yredelemnul
Zin
The Shining One
Jiyva
Lugonu


Innate Abilities, Weirdness & Mutations

You are a hulking beast.
Your limbs bulge with bestial killing power. (Slay +4)
You cannot wear most types of armour.
You are amphibious.
You can wear up to eight rings at the same time.
Your skin changes colour to match your surroundings (Stealth+).
Your rubbery body absorbs attacks. (AC +1, EV +1)
((You are camouflaged when in or above water. (Stealth+)))
You have tentacles for arms and can constrict up to eight enemies at once.


Message History

The green ugly thing dies!
Your Unarmed Combat skill increases to level 15!
Unknown command.
You are too berserk!
You are no longer berserk.
You are exhausted.
You feel yourself slow down.
The centaur warrior is distracted by your dazzling golden aura.
You see here 54 gold pieces.
You feel much better.
The centaur warrior is no longer distracted by gold.
The centaur warrior shoots an arrow.
The arrow barely misses you.
The centaur warrior shoots an arrow.
The arrow barely misses you.
Unknown command.
The centaur warrior unwields a +0 shortbow.
The centaur warrior closely misses you. The centaur warrior kicks you.
The centaur warrior barely misses you.
The centaur warrior kicks you but does no damage.
The centaur warrior hits you. The centaur warrior barely misses you.
You bludgeon the centaur warrior!
The centaur warrior is moderately wounded.
The centaur warrior misses you. The centaur warrior kicks you.
You strike the helpless centaur warrior from behind!
You tentacle-slap the centaur warrior.
Your squeeze misses the centaur warrior.
The centaur warrior is moderately wounded.
The centaur warrior closely misses you. The centaur warrior kicks you.
You bludgeon the centaur warrior! You tentacle-slap the centaur warrior!
The centaur warrior is severely wounded.
The centaur warrior hits you!
* * * LOW HITPOINT WARNING * * *
The centaur warrior barely misses you. x2; The centaur warrior kicks you.
* * * LOW HITPOINT WARNING * * *
You strike the helpless centaur warrior from behind!
You bludgeon the centaur warrior! You squeeze the centaur warrior.
The centaur warrior is almost dead.
The centaur warrior wields a +0 shortbow.
The centaur warrior shoots an arrow.
The arrow hits you!!
You die...
Your body crumbles into a pile of gold.

▓.▓
▓.▓
▓.▓
▓.▓
▓$▓
▓$▓
▓$▓
▓.▓
▓h▓
▓c▓
▓.▓
▓+▓


You could see a centaur warrior (unable to see you).

Vanquished Creatures
  A hydra (D)
  2 centaur warriors (D)
  A shadow (D)
  3 yaks (D)
  2 centaurs (D)
  A howler monkey (D)
  A hound (D)
  A sleepcap (D)
  2 adders (D)
  2 dart slugs (D)
  An endoplasm (D)
  2 giant cockroaches (D)
  A bat (D)
20 creatures vanquished.

Vanquished Creatures (others)
  An ugly thing (D)
1 creature vanquished.

Grand Total: 21 creatures vanquished

Notes
Turn   | Place    | Note
-------+----------+-------------------------------------------
     0 | D        | rocky1 the Octopode Shapeshifter began the quest for the
                  | Orb.
     0 | D        | Reached XP level 1. HP: 13/13 MP: 1/1
    13 | D        | Reached XP level 2. HP: 14/18 MP: 2/2
    22 | D        | Reached skill level 1 in Stealth
    22 | D        | Reached skill level 4 in Unarmed Combat
    22 | D        | Reached skill level 5 in Shapeshifting
    22 | D        | Reached XP level 3. HP: 21/23 MP: 3/3
    33 | D        | Reached skill level 5 in Unarmed Combat
    33 | D        | Reached XP level 4. HP: 12/28 MP: 4/4
   103 | D        | Found a snail-covered altar of Cheibriados.
   103 | D        | Found a shadowy altar of Dithmenos.
   103 | D        | Found a white marble altar of Elyvilon.
   103 | D        | Found a blossoming altar of Fedhas.
   103 | D        | Found an opulent altar of Gozag.
   104 | D        | Found a hazy altar of Hepliaklqana.
   105 | D        | Found a viscous altar of Jiyva.
   106 | D        | Found an ancient bone altar of Kikubaaqudgha.
   107 | D        | Found a corrupted altar of Lugonu.
   108 | D        | Found a burning altar of Makhleb.
   109 | D        | Found a sparkling altar of Nemelex Xobeh.
   110 | D        | Found an iron altar of Okawaru.
   111 | D        | Became a worshipper of Gozag Ym Sagoz the Greedy
   112 | D        | Found a stormy altar of Qazlal.
   113 | D        | Found a sacrificial altar of Ru.
   114 | D        | Found a shimmering blue altar of Sif Muna.
   115 | D        | Found a bloodstained altar of Trog.
   116 | D        | Found a hide-covered altar of Uskayaw.
   117 | D        | Found a radiant altar of Vehumet.
   118 | D        | Found an ornate altar of the Wu Jian Council.
   119 | D        | Found a shimmering altar of Xom.
   120 | D        | Found a basalt altar of Yredelemnul.
   121 | D        | Found a glowing silver altar of Zin.
   122 | D        | Found a glowing golden altar of the Shining One.
   148 | D        | Noticed a yak
   148 | D        | Noticed a yak
   148 | D        | Noticed a centaur
   148 | D        | Noticed a yak
   148 | D        | Noticed a centaur
   156 | D        | Killed a yak
   157 | D        | Reached skill level 7 in Unarmed Combat
   157 | D        | Reached XP level 5. HP: 34/34 MP: 5/5
   163 | D        | Killed a yak
   164 | D        | Reached skill level 5 in Stealth
   164 | D        | Reached skill level 9 in Unarmed Combat
   164 | D        | Reached XP level 6. HP: 33/41 MP: 6/6
   170 | D        | Reached skill level 5 in Dodging
   170 | D        | Reached XP level 7. HP: 25/45 MP: 7/7
   179 | D        | Killed a yak
   180 | D        | Reached skill level 10 in Unarmed Combat
   371 | D        | Noticed a centaur warrior
   371 | D        | Noticed a centaur warrior
   371 | D        | Noticed a four-headed hydra
   371 | D        | Noticed a centaur warrior
   371 | D        | Noticed a shadow
   371 | D        | Noticed a green ugly thing
   376 | D        | Killed a centaur warrior
   377 | D        | Reached skill level 12 in Unarmed Combat
   377 | D        | Reached skill level 10 in Shapeshifting
   377 | D        | Reached XP level 8. HP: 45/54 MP: 8/8
   383 | D        | Killed a centaur warrior
   384 | D        | Reached skill level 13 in Unarmed Combat
   384 | D        | Reached XP level 9. HP: 47/58 MP: 9/9
   386 | D        | Killed a four-headed hydra
   387 | D        | Reached skill level 10 in Stealth
   387 | D        | Reached skill level 14 in Unarmed Combat
   392 | D        | Killed a green ugly thing
   393 | D        | Reached skill level 15 in Unarmed Combat
   400 | D        | Shot with an arrow by a centaur warrior

Illustrated notes

Levels and vault maps discovered:
D:        linesprint [early_d, line_temple, items_1, d_10, items_2, lair_1,
          lair_end, items_3, orc_1, orc_end, items_4, d_15, swamp_1, shoals_1,
          snake_1, spider_1, d_20, vaults_1, items_5, swamp_end, shoals_end,
          snake_end, spider_end, vaults_end, d_27, items_6, zot_1, zot_end,
          crypt_end, forest_end, elf_end, slime_end, tomb_end, abyss_end,
          pan_hell_end]

Skill      XL: |  1  2  3  4  5  6  7  8  9 |
---------------+----------------------------+-----
Shapeshifting  | 4 5 6 7 8 10 | 10.9
Stealth        | 1 2 4 5 8 9 11 | 11.3
Unarmed Combat | 4 5 7 9 12 13 15 | 15.0
Dodging        | 3 4 5 6 7 |  7.7
Fighting       | 2 3 4 |  4.7

Action                     |  1- 3 |  4- 6 |  7- 9 || total
---------------------------+-------+-------+-------++-------
  Melee: Unarmed           |    19 |    18 |    31 ||    68
         Constrict         |     8 |     1 |     1 ||    10
         Tentacles         |     5 |     2 |     3 ||    10
         Punch             |       |     1 |     2 ||     3
    Use: Potion            |       |     1 |     4 ||     5
   Stab: Sleeping          |     2 |     1 |       ||     3
         Invisible         |       |       |     7 ||     7
 Armour: Skin              |     9 |    17 |    26 ||    52
  Dodge: Dodged            |     8 |     4 |    15 ||    27

Table legend: (Time is in decaauts)
 A = Elapsed time spent in this place.
 B = Non-inter-level travel time spent in this place.
 C = Inter-level travel time spent in this place.
 D = Time resting spent in this place.
 E = Time spent auto-exploring this place.
 F = Levels seen in this place.
 G = Mean time per level.
                   A        B        C        D        E       F      G
               +--------+--------+--------+--------+--------+-----+--------+
         Total |    386 |    386 |      0 |    240 |      0 |   1 |  386.0 |
       Dungeon |    386 |    386 |      0 |    240 |      0 |   1 |  386.0 |
               +--------+--------+--------+--------+--------+-----+--------+

Top non-repeatable levels by time:
       D: 386 daAuts
